 Dungeon Crawl Stone Soup version 0.14-a0-1192-g192f278 (webtiles) character file.

4635 MackTheKnife the Covert (level 10, 0/44 HPs)
             Began as a Spriggan Enchanter on Nov 30, 2013.
             Was a Follower of Kikubaaqudgha.
             Slain by a white ugly thing (8 damage)
             ... while paralysed by a giant eyeball
             ... on Level 9 of the Dungeon.
             The game lasted 00:25:01 (8336 turns).

MackTheKnife the Covert (Spriggan Enchanter)        Turns: 8336, Time: 00:25:01

HP   0/44        AC  7     Str  7      XL: 10   Next: 12%
MP   3/27        EV  4     Int 21      God: Kikubaaqudgha [*.....]
Gold 279         SH  0     Dex 16      Spells:  4 memorised,  9 levels left

rFire  . . .     SeeInvis +     F - +2,+1 short sword (elec)
rCold  . . .     Clarity  .     n - +1 steam dragon armour
rNeg   . . .     Conserve .     (shield restricted)
rPois  .         rCorr    +     (helmet restricted)
rElec  .         rRot     .     E - +0 dwarf cloak
SustAb . .       Spirit   .     (gloves unavailable)
rMut   .         Warding  .     (boots unavailable)
Saprov . . .     Stasis   .     p - amulet of resist corrosion
                                M - +3 ring of intelligence
                                J - ring of teleport control

@: paralysed, very slightly contaminated, very quick, quite resistant to hostile
enchantments, extremely stealthy
A: unfitting armour, see invisible, herbivore 3, speed 3, slow metabolism 2
a: Receive Corpses, Renounce Religion, Evoke Teleport Control


You were on level 9 of the Dungeon.
You worshipped Kikubaaqudgha.
Kikubaaqudgha was aware of your devotion.
You were near starving.

You visited 2 branches of the dungeon, and saw 10 of its levels.
You also visited: Sewer.

You collected 396 gold pieces.
You spent 117 gold pieces at shops.


Innate Abilities, Weirdness & Mutations

You are tiny and cannot use many weapons and most armour.
You have supernaturally acute eyesight.
You are a herbivore.
You cover ground extremely quickly.
You need consume almost no food.


   Skills:
 + Level 1.1 Fighting
 - Level 8.1 Short Blades
 - Level 1.1 Throwing
 - Level 10.0 Dodging
 - Level 12.5 Stealth
 - Level 6.3 Spellcasting
 - Level 6.8 Hexes


You had 9 spell levels left.
You knew the following spells:

 Your Spells              Type           Power        Failure   Level  Hunger
a - Ensorcelled Hibernat  Hex/Ice        ###...       3%          2    None
j - Invisibility          Hex            #####...     89%         6    ######.
x - Confuse               Hex            #####...     1%          3    ##.....
y - Animate Skeleton      Necr           N/A          12%         1    None

Inventory:

Hand weapons
 u - a +3,+2 elven sabre
 F - a +2,+1 short sword of electrocution (weapon)
Missiles
 d - 12 darts (quivered)
Armour
 n - a +1 steam dragon armour (worn)
 E - a +0 dwarven cloak (worn)
Magical devices
 H - a wand of enslavement (5)
 I - a wand of digging (9)
 K - a wand of cold (8)
Comestibles
 B - a choko
 D - 2 bread rations
Scrolls
 k - a scroll of teleportation
 l - 2 scrolls of remove curse {unknown}
 m - 2 scrolls of fear
 s - a scroll of magic mapping
 t - 2 scrolls of immolation {!r}
 v - a scroll of fog
 y - a scroll of amnesia
Jewellery
 p - an amulet of resist corrosion (around neck)
 J - a ring of teleport control (left hand)
 M - a +3 ring of intelligence (right hand)
Potions
 a - 2 potions of heal wounds
 f - 4 potions of brilliance
 g - 10 potions of curing
 h - a potion of agility
 i - 2 potions of might {unknown}
 j - a potion of mutation {unknown}
 o - a potion of poison {unknown}
 q - 3 potions of restore abilities {unknown}
 x - a potion of speed {unknown}
 A - a potion of flight {unknown}
 C - a potion of invisibility {unknown}
Books
 c - a book of Maledictions

   Spells                             Type                      Level
   Corona                             Hexes                        1
   Sure Blade                         Hexes/Charms                 2
   *Ensorcelled Hibernation           Hexes/Ice                    2
   *Confuse                           Hexes                        3
   Enslavement                        Hexes                        4
   *Invisibility                      Hexes                        6
 z - Kikubaaqudgha's Disquisition on Sinister Rituals
   (Kikubaaqudgha gifted it to you on level 7 of the Dungeon)

   Spells                             Type                      Level
   *Animate Skeleton                  Necromancy                   1
   Lethal Infusion                    Charms/Necromancy            2
   Corpse Rot                         Necromancy                   2
   Regeneration                       Charms/Necromancy            3
   Control Undead                     Necromancy                   4

·········%··▒··▒▒▒▒
··········▒···▒··▒▒
···?····▒···G▒···▒
£·············▒ ▒▒
············▒▒▒ ·▒
··············▒▒·▒
·················▒
····%············▒▒▒▒
········i···········▒
········u··········▒▒
·······@···········▒
·····@·@uu·········▒
·······K@·······▒▒▒▒
················▒▒·▒
···················▒▒
▒▒······£············▒
▒▒▒················▒·▒▒


You could see 3 ugly things, Pikel, 3 slaves, a giant eyeball and a friendly
slave.


Message History

w - Wait here. f - Follow me.
Anything else - Stay silent.
Gang up on whom?
Aim: Pikel, wielding a glowing whip and wearing an embroidered robe Attack!
Pikel hits your slave with a glowing whip.
Pikel freezes your slave.
A giant eyeball comes into view.
Evoke which item? (* to show all) (? for menu, Esc to quit)
Zapping:
H - a wand of enslavement {zapped: 4}
Aim: a white ugly thing The white ugly thing easily resists.
Pikel hits your slave with a whip of freezing.
Pikel freezes your slave.
The purple ugly thing basks in the mutagenic energy from its kin and changes!
The giant eyeball stares at you.
You suddenly lose the ability to move!
The white ugly thing punches you. The white ugly thing freezes you!
One of your 6 potions of brilliance freezes and shatters!
* * * LOW HITPOINT WARNING * * *
Pikel hits your slave with a whip of freezing.
Pikel freezes your slave. The slave hits your slave.
The white ugly thing basks in the mutagenic energy from its kin and changes!
The white ugly thing punches you.
* * * LOW HITPOINT WARNING * * *
The white ugly thing freezes you!
Your potion of porridge freezes and shatters!
One of your 5 potions of brilliance freezes and shatters!
You die...
Kikubaaqudgha rasps: "You have failed me!
Welcome... death!"

Action                   |  1- 3 |  4- 6 |  7- 9 | 10-12 || total
-------------------------+-------+-------+-------+-------++-------
Melee: Dagger            |   224 |    20 |       |       ||   244
       Sabre             |       |   246 |   160 |       ||   406
       Short sword       |       |       |   160 |     6 ||   166
 Cast: Ensorcelled Hiber |     7 |    43 |    66 |     8 ||   124
       Confuse           |       |    10 |    19 |     1 ||    30
       Corona            |       |     1 |       |       ||     1
Evoke: Wand              |       |       |     5 |     4 ||     9
  Use: Scroll            |       |    12 |    10 |       ||    22
       Potion            |       |     2 |     1 |       ||     3
 Stab: Sleeping          |     8 |    29 |    51 |     2 ||    90
       Distracted        |     2 |     1 |       |       ||     3
       Confused          |       |     7 |     6 |     1 ||    14
       Fleeing           |       |       |     1 |       ||     1

Vault maps used:
D:1:      dpeg_entry_tiny_k
D:2:      grunt_temple_overflow_diamond
D:3:      portal_sewer_entry_d, serial_corexii_hall,
          corexii_hall_statues_deadend, corexii_hall_statues_u, uniq_iyjb
D:4:      old_forge, serial_shops, shop, uniq_edmund
D:5:      first_bread
D:6:      serial_shops, shop
D:8:      hangedman_tree_tricks, xom_obstacle_run
D:9:      serial_bayou_pond_a, uniq_prince_ribbit1, uniq_pikel
Temple:   chambers_temple_12
Sewer:    sewer_co_scattered_pipes

Notes
Turn   | Place    | Note
--------------------------------------------------------------
     0 | D:1      | MackTheKnife, the Spriggan Enchanter, began the quest for the Orb.
     0 | D:1      | Reached XP level 1. HP: 9/9 MP: 4/4
   423 | D:1      | Reached skill level 2 in Spellcasting
   436 | D:1      | Reached XP level 2. HP: 11/13 MP: 7/7
   616 | D:1      | Reached skill level 4 in Hexes
   620 | D:1      | Learned a level 2 spell: Ensorcelled Hibernation
   753 | D:1      | Reached XP level 3. HP: 12/16 MP: 9/9
  1547 | D:2      | Reached skill level 3 in Spellcasting
  1555 | D:2      | Reached skill level 4 in Stealth
  1578 | D:2      | Learned a level 3 spell: Confuse
  1810 | D:2      | Reached XP level 4. HP: 21/21 MP: 10/13
  1820 | D:2      | Found a basalt altar of Yredelemnul.
  1824 | D:2      | Found a shimmering altar of Xom.
  1826 | D:2      | Found a deep blue altar of Sif Muna.
  2041 | D:3      | Noticed Ijyb
  2053 | D:3      | Killed Ijyb
  2053 | D:3      | Reached skill level 5 in Stealth
  2213 | D:3      | Found a glowing drain.
  2389 | D:3      | Reached skill level 5 in Hexes
  2389 | D:3      | Reached XP level 5. HP: 12/24 MP: 2/15
  2494 | Sewer    | Entered a sewer
  2824 | Sewer    | Reached skill level 6 in Stealth
  3454 | D:3      | Reached skill level 6 in Hexes
  3641 | D:4      | Reached XP level 6. HP: 26/28 MP: 3/18
  3747 | D:4      | Reached skill level 7 in Stealth
  3861 | D:4      | Noticed a phantom
  3892 | D:4      | Killed a phantom
  3968 | D:4      | Found Caud Tau's Distillery.
  3971 | D:4      | Reached skill level 8 in Stealth
  3974 | D:4      | Bought a potion of heal wounds for 39 gold pieces
  3974 | D:4      | Bought a potion of curing for 26 gold pieces
  3974 | D:4      | Bought a potion of agility for 32 gold pieces
  4001 | D:4      | Noticed Edmund
  4069 | D:4      | Killed Edmund
  4069 | D:4      | Reached XP level 7. HP: 30/32 MP: 10/20
  4132 | D:4      | Reached skill level 9 in Stealth
  4132 | D:4      | Reached skill level 4 in Spellcasting
  4451 | D:5      | Entered Level 5 of the Dungeon
  4614 | D:5      | Reached skill level 5 in Spellcasting
  5047 | D:5      | Reached skill level 10 in Stealth
  5097 | D:6      | Reached XP level 8. HP: 36/36 MP: 24/24
  5198 | D:6      | Reached skill level 6 in Spellcasting
  5373 | D:6      | Found Zuis' Armour Boutique.
  5378 | D:6      | Bought a +0 dwarven cloak for 20 gold pieces
  5703 | D:6      | Reached skill level 11 in Stealth
  6071 | D:6      | Found a staircase to the Ecumenical Temple.
  6154 | Temple   | Entered the Ecumenical Temple
  6164 | Temple   | Became a worshipper of Kikubaaqudgha
  6290 | D:6      | Reached skill level 12 in Stealth
  6427 | D:7      | Reached skill level 2 in Short Blades
  6620 | D:7      | Reached skill level 3 in Short Blades
  6655 | D:7      | Reached skill level 4 in Short Blades
  6736 | D:7      | Reached skill level 5 in Short Blades
  6736 | D:7      | Reached XP level 9. HP: 39/39 MP: 23/26
  7065 | D:7      | Acquired Kikubaaqudgha's first power
  7065 | D:7      | Received a gift from Kikubaaqudgha
  7068 | D:7      | Identified Kikubaaqudgha's Disquisition on Sinister Rituals (Kikubaaqudgha gifted it to you on level 7 of the Dungeon)
  7071 | D:7      | Learned a level 1 spell: Animate Skeleton
  7301 | D:7      | Reached skill level 6 in Short Blades
  7371 | D:8      | Noticed cedor's ghost (experienced DsSk)
  7386 | D:8      | Killed cedor's ghost
  7386 | D:8      | Reached skill level 8 in Short Blades
  7511 | D:8      | Reached skill level 4 in Dodging
  7560 | D:8      | Reached skill level 5 in Dodging
  7758 | D:8      | Reached skill level 6 in Dodging
  7931 | D:8      | Reached skill level 7 in Dodging
  8031 | D:8      | Learned a level 6 spell: Invisibility
  8152 | D:8      | Found a blossoming altar of Fedhas.
  8247 | D:9      | Reached skill level 8 in Dodging
  8268 | D:9      | Reached skill level 9 in Dodging
  8270 | D:9      | Reached XP level 10. HP: 44/44 MP: 16/27
  8302 | D:9      | Reached skill level 10 in Dodging
  8304 | D:9      | Reached skill level 1 in Fighting
  8309 | D:9      | Noticed Pikel
  8334 | D:9      | Paralysed by a giant eyeball for 4 turns
  8336 | D:9      | Slain by a white ugly thing

Vanquished Creatures
  The ghost of cedor the Spear-Bearer, an experienced DsSk of Okawaru (D:8)
  3 ugly things (D:9)
  A trapdoor spider (D:9)
  2 hippogriffs
  Edmund (D:4)
  2 sky beasts
  An ice beast (D:8)
  2 phantoms
  3 ogres
  3 centaurs
  5 giant frogs
  5 wights (D:8)
  A goliath beetle (D:6)
  2 big fish
  9 crimson imps
  A giant frog zombie (D:5)
  4 hounds
  2 orc wizards
  An iguana (D:4)
  A two-headed ogre skeleton (D:7)
  5 scorpions
  2 worker ants
  Ijyb (D:3)
  4 gnolls (D:8)
  13 adders
  5 giant mites
  7 worms
  3 giant geckos
  2 oozes
  22 orcs
  A bat skeleton (D:4)
  10 goblins
  15 hobgoblins
  29 jackals
  A quokka (D:5)
  2 ball pythons
  21 bats
  3 giant cockroaches
  9 giant newts
  20 kobolds
  12 rats
  4 ballistomycetes (D:7)
241 creatures vanquished.

Vanquished Creatures (collateral kills)
  A giant spore (D:7)
1 creature vanquished.

Vanquished Creatures (others)
  A fungus (D:4)
1 creature vanquished.

Grand Total: 243 creatures vanquished
